AoeStats
← Richoo

Socotra

504582281Analyzed
3v3 RM · 27d ago on Sep 5, 2026· 63m 0s· 6 players
Game mode
Random Map
Map size
128×128
Population
200
Speed
Normal
Resources
Standard
Victory
Conquest
Starting age
Dark Age
Ending age
Imperial Age
RankedLock teamsTeams togetherTeam positionsShared explorationLock speedFull tech treeHidden civsTurbo modeCheats
Victory
Defeat
🇪🇸 Poles · Spain
994
+14
🇫🇷 Goths · France
960
+37
🇫🇷 Persians · France
862
+20
🇲🇽 Spanish · Mexico
976
-18
🇨🇱 Ethiopians · Chile
945
-16
🇫🇷 Vietnamese · France
943
-16
Rageneranxes
7:21 Loom
17:09 Feudal Age
20:24 Double-Bit Axe
28:41 Castle Age
29:19 Fletching
32:25 Pikeman
43:17 Horse Collar
46:48 Imperial Age
47:02 Wheelbarrow
58:30 Halberdier
Hindues
11:29 Feudal Age
12:17 Town Watch
13:07 Wheelbarrow
15:06 Loom
18:49 Castle Age
31:28 Caravan
44:16 Imperial Age
41:14 Man-at-Arms
44:31 Halberdier
48:55 Chemistry
52:16 Man-at-Arms
56:29 Capped Ram
Skibidi Bop
11:13 Feudal Age
15:52 Fletching
16:03 Padded Archer Armor
21:39 Castle Age
21:56 Scale Mail Armor
22:35 Double-Bit Axe
22:33 Horse Collar
22:47 Gold Mining
23:01 Crossbowman
23:04 Pikeman
24:38 Stone Mining
27:24 Bodkin Arrow
27:44 Leather Archer Armor
28:30 Wheelbarrow
29:04 Hand Cart
34:33 Thumb Ring
39:29 Imperial Age
40:22 Elite Rattan Archer
40:46 Capped Ram
40:51 Arbalester
41:57 Ballistics
43:07 Bracer
43:37 Ring Archer Armor
42:39 Onager
46:28 Chemistry
MIRMIDOR
4:18 Loom
12:18 Feudal Age
18:37 Castle Age
16:36 Horse Collar
17:20 Stone Mining
17:57 Double-Bit Axe
19:29 Wheelbarrow
22:22 Fletching
23:59 Town Watch
25:48 Bodkin Arrow
27:35 Hand Cart
28:36 Heavy Plow
29:27 Gold Mining
32:50 Husbandry
33:01 Bloodlines
36:27 Imperial Age
35:01 Forging
34:16 Elite Skirmisher
36:01 Szlachta Privileges
36:21 Scale Barding Armor
36:19 Padded Archer Armor
37:50 Conscription
37:36 Cavalier
39:11 Crop Rotation
40:08 Leather Archer Armor
41:14 Chain Barding Armor
41:30 Iron Casting
44:46 Blast Furnace
43:47 Bracer
63:14 Chemistry
Richoo
12:47 Feudal Age
14:10 Wheelbarrow
14:15 Man-at-Arms
15:25 Loom
15:29 Town Watch
19:04 Loom
23:03 Double-Bit Axe
28:01 Castle Age
25:49 Horse Collar
27:38 Forging
27:30 Scale Mail Armor
27:32 Gold Mining
28:20 Long Swordsman
29:01 Squires
28:23 Pikeman
30:20 Iron Casting
34:17 Bow Saw
34:26 Chain Mail Armor
34:54 Town Patrol
35:36 Hand Cart
43:26 Imperial Age
47:04 Two-Man Saw
47:03 Two-Handed Swordsman
48:30 Ballistics
49:18 Chemistry
48:36 Champion
49:40 Masonry
50:35 Blast Furnace
49:51 Heavy Scorpion
51:33 Padded Archer Armor
57:38 Leather Archer Armor
59:55 Ring Archer Armor
MrChronos
4:25 Loom
18:05 Feudal Age
22:28 Castle Age
21:19 Bloodlines
22:18 Stone Mining
36:23 Scale Barding Armor
37:12 Town Watch
41:53 Imperial Age
40:02 Wheelbarrow
39:12 Horse Collar
39:25 Double-Bit Axe
41:44 Forging
42:31 Citadels
44:28 Wheelbarrow
46:39 Heavy Plow
47:27 Town Patrol
48:48 Conscription
48:30 Kamandaran
49:04 Pikeman
49:45 Squires
50:21 Cavalier
51:02 Husbandry
51:56 Chain Barding Armor
52:12 Iron Casting
51:50 Halberdier
53:33 Savar
55:31 Blast Furnace
56:35 Plate Barding Armor
56:20 Capped Ram
Connection lost

Rejoining the realm…

Still unreachable

The connection could not be restored.

Session expired

The server has moved on; the page needs a fresh start.